 Dungeon Crawl Stone Soup version 0.31.0-11-ge490571c62 (webtiles) character file.

Game seed: 9419426278903061455

115 Gadfly the Insei (level 4, -2/35 HPs)
             Began as a Demonspawn Monk on Feb 2, 2024.
             Slain by a gnoll
             ... wielding a +0 halberd
              (11 damage)
             ... on level 2 of the Dungeon.
             The game lasted 00:02:34 (1788 turns).

Gadfly the Insei (Demonspawn Monk)                  Turns: 1788, Time: 00:02:35

Health: -2/35      AC:  3    Str: 13    XL:     4   Next: 68%
Magic:  4/4        EV: 13    Int: 11    God:
Gold:   82         SH:  0    Dex: 15    Spells: 3/3 levels left

rFire   . .          .
                       - Unarmed
rCold   . . .        (no shield)
rNeg    . . .        a - +0 robe
rPois   .            (no helmet)
rElec   .            (no cloak)
rCorr   .            (no gloves)
SInv    .            m - +0 pair of boots
Will    .....        (no amulet)
Stlth   +            (no ring)
HPRegen 0.25/turn    (no ring)
MPRegen 0.09/turn

%: no passive effects
@: no status effects
A: powered by pain 1, demonic touch 2
a: no special abilities


You were on level 2 of the Dungeon.
You visited 1 branch of the dungeon, and saw 3 of its levels.

You collected 82 gold pieces.

Inventory:

Hand Weapons
 b - a +1 dagger of protection
 e - a +0 antimagic dagger
Armour
 a - a +0 robe (worn)
 c - an orb of light
 m - a +0 pair of boots (worn)
Scrolls
 l - a scroll of summoning
Potions
 d - a potion of berserk rage
 f - a potion of might {unknown}
 g - a potion of haste
 i - a potion of curing
 j - a potion of resistance {unknown}
 k - a potion of ambrosia


   Skills:
 - Level 3.0 Fighting
 + Level 3.1 Dodging
 * Level 3.4 Unarmed Combat
 * Level 2.2 Evocations
 * Level 1.5 Shapeshifting


You had 3 spell levels left.
You didn't know any spells.
Your spell library contained the following spells:

 Spells                   Type           Power      Damage    Failure   Level
 Vhi's Electric Charge    Tloc/Air       0%         N/A       98%         4
 Arcjolt                  Conj/Air       0%         1d10      100%        5
 Plasma Beam              Fire/Air       0%         2x1d10    100%        6


Dungeon Overview and Level Annotations

Branches:
Dungeon (3/15)

Altars:


Innate Abilities, Weirdness & Mutations

You sometimes gain a little power by taking damage.
Your touch may inflict irresistible damage on your foes.


Message History

Wisps of shadow whirl around you...
It was a scroll of summoning.
Done exploring.
Done exploring.
Okay, then.
Done exploring.
Done exploring.
You swap places.
Your hobgoblin yells, "Run!
I'll cover you!"
There is a stone staircase leading down here.
You climb downwards.
Your summoned ally is left behind.
Found a stone staircase leading down.
There is a stone staircase leading up here.
There are monsters nearby!
There are monsters nearby!
Adjust to which letter? (? for menu, Esc to quit)
b - a +1 dagger of protection;
k - a potion of ambrosia Your +1 dagger of protection hums with potential!
b - a +1 dagger of protection (weapon)
Your +1 dagger of protection goes still.
You are now empty-handed.
The gnoll shouts!
You hear a shout!
You hear an angry hiss.
A gnoll comes into view. It is wielding a +0 halberd.
A frilled lizard comes into view.
There is a stone staircase leading up here.
The gnoll misses you.
There is a stone staircase leading up here.
The gnoll hits you with a +0 flail! The gnoll hits you with a +0 halberd.
You climb upwards.
There is a stone staircase leading down here.
You hit the gnoll.
The gnoll is moderately wounded.
The gnoll hits you with a +0 flail!
You hit the gnoll.
The gnoll is moderately wounded.
The gnoll closely misses you. The gnoll hits you with a +0 flail!
* * * LOW HITPOINT WARNING * * *
You hit the gnoll but do no damage.
The gnoll is moderately wounded.
The gnoll hits you with a +0 halberd!
You die...

.####....# #.# ##.##
.## #lS..# #########.#
#.# ..###.#####
#.........# #.#
#.........###.#########
#.# ..#..........#.##
#.# ...........l###.#
######.#
#####.###.##.#.##
#......# ## #.#
#.###.########.######
.####.###.#
#..g@g.....#
..........#
############
......##### #####.#
......# #######


You could see 2 gnolls.

Vanquished Creatures
  2 gnolls (D:1)
  4 adders (D:2)
  A ribbon worm (D:2)
  A dart slug (D:1)
  4 ball pythons
  4 endoplasms
  6 giant cockroaches
  4 goblins (D:1)
  5 hobgoblins
  5 jackals (D:1)
  7 bats
  2 frilled lizards
  4 kobolds
  4 rats
53 creatures vanquished.

Notes
Turn   | Place    | Note
-------+----------+-------------------------------------------
     0 | D:1      | Gadfly the Demonspawn Monk began the quest for the Orb.
     0 | D:1      | Reached XP level 1. HP: 18/18 MP: 1/1
   156 | D:1      | Reached skill level 1 in Evocations
   156 | D:1      | Gained mutation: Your touch may inflict minor irresistible
                  | damage on your foes. [demonic ancestry]
   156 | D:1      | Reached XP level 2. HP: 10/24 MP: 2/2
   394 | D:1      | Found a faded altar of an unknown god.
   423 | D:1      | Gained mutation: Your touch may inflict irresistible damage
                  | on your foes. [demonic ancestry]
   423 | D:1      | Reached XP level 3. HP: 29/29 MP: 3/3
   498 | D:1      | Reached skill level 1 in Shapeshifting
  1034 | D:2      | Gained mutation: You sometimes gain a little power by
                  | taking damage. [demonic ancestry]
  1034 | D:2      | Reached XP level 4. HP: 33/35 MP: 4/4
  1788 | D:2      | Slain by a gnoll

Illustrated notes

Levels and vault maps discovered:
D:1:      dpeg_arrival_tiny_i, layout_loops_ring,
          shapermc_ecumenical_altar_mp_ritualfount
D:2:      layout_loops_ring, minmay_misc_feat_tower, minmay_close_crescents
D:3:      layout_rooms, tgw_trog

Skill      XL: |  1  2  3  4 |
---------------+-------------+-----
Evocations     | 1 2 |  2.2
Unarmed Combat | 3 |  3.4
Shapeshifting  | 1 |  1.5
Dodging        | 3 |  3.1
Fighting       | |  3.0

Action                     |  1- 3 |  4- 6 || total
---------------------------+-------+-------++-------
  Melee: Unarmed           |   101 |    40 ||   141
         Touch             |    16 |     7 ||    23
    Use: Scroll            |     2 |     4 ||     6
   Stab: Sleeping          |     2 |     1 ||     3
 Armour: Robe              |    50 |    23 ||    73
  Dodge: Dodged            |    62 |    24 ||    86
